 Dungeon Sprint DCSS version 0.17-a0-764-gd40c196 (webtiles) character file.

2897 lorenzova the Impaler (level 9, -6/77 HPs)
             Began as a Merfolk Gladiator on Apr 23, 2015.
             Was a Follower of Qazlal.
             Mangled by a centaur warrior (11 damage)
             ... in the Dungeon (Sprint I: "Red Sonja").
             The game lasted 00:05:38 (1130 turns).

lorenzova the Impaler (Merfolk Gladiator)           Turns: 1130, Time: 00:05:38

Health: -6/77      AC:  6    Str: 18    XL:     9   Next: 77%
Magic:  9/9        EV: 22    Int:  7    God:    Qazlal [*.....]
Gold:   248        SH:  1    Dex: 15    Spells: 0 memorised, 8 levels left

rFire  + . .     SeeInvis .     a - +0 trident
rCold  . . .     Clarity  .     m - +2 leather armour {rF+}
rNeg   . . .     SustAb   .     (no shield)
rPois  .         Gourm    .     g - +0 helmet
rElec  .         Spirit   .     (no cloak)
rCorr  .         Warding  .     (no gloves)
rMut   .         NoTele   +     (no boots)
MR     .....                    n - amulet of regeneration
Stlth  +.........               (no ring)
                                o - ring of wizardry

@: not resistant to hostile enchantments, very unstealthy
A: change form in water, swift swim, frail 1
a: Renounce Religion


You were in the Dungeon.
You worshipped Qazlal.
Qazlal was aware of your devotion.
You were not hungry.

You visited 1 branch You collected 638 gold pieces.
You spent 390 gold pieces at shops.

Inventory:

Hand weapons
 a - a +0 trident (weapon)
Missiles
 d - a throwing net (quivered)
Armour
 g - a +0 helmet (worn)
 m - a +2 leather armour of fire resistance (worn)
Jewellery
 n - an amulet of regeneration (around neck)
 o - a ring of wizardry (left hand)
Magical devices
 l - a wand of enslavement (19)
Scrolls
 k - a scroll of blinking
Potions
 f - a potion of cancellation
 i - 2 potions of magic


   Skills:
 + Level 13.7 Fighting
 + Level 17.3 Polearms
 - Level 2.0 Throwing
 + Level 16.1 Dodging


You had 8 spell levels left.
You didn't know any spells.

Dungeon Overview and Level Annotations

Branches:
Dungeon (1/1)

Altars:
Cheibriados
Dithmenos
Elyvilon
Fedhas
Gozag
Kikubaaqudgha
Makhleb
Nemelex Xobeh
Okawaru
Qazlal
Ru
Sif Muna
Trog
Vehumet
Xom
Yredelemnul
Zin
The Shining One
Jiyva

Shops:
D =*


Innate Abilities, Weirdness & Mutations

You revert to your normal form in water.
You are very nimble and swift while swimming.
You are frail (-10% HP).


Message History

You puncture the centaur warrior!
You kill the centaur warrior!
Qazlal accepts your kill.
You are surrounded by a storm.
Your Polearms skill increases to level 17!
Your Dodging skill increases to level 16!
The centaur warrior hits you!
* * * LOW HITPOINT WARNING * * *
You hit the centaur warrior but do no damage.
The centaur warrior hits you!
* * * LOW HITPOINT WARNING * * *
You hit the centaur warrior.
The centaur warrior is lightly wounded.
The centaur warrior hits you but does no damage.
You puncture the centaur warrior!
The centaur warrior is moderately wounded.
The centaur warrior hits you but does no damage.
You hit the centaur warrior but do no damage.
The centaur warrior is moderately wounded.
The centaur warrior hits you!
You die...

.#..)..#.)'..#__#..+.s.#
.)..#..)..#..'..'..#...#
.#####)#####'#__####...s.s#
.####..#...#.####[§#####s.+
.#__####..##.#≈§§§§# ##
.#_..__##'#..+≈§§§c+
⌠#_.∩...'.(._#≈§§.c#
##_..._##_†#'##c####
#_____###'#[#§§@(#
##########)####+###
........'...'.§§..+
#++++####...####### ##.##
#+#


You could see a centaur warrior.

Vanquished Creatures
  A centaur warrior (D)
  Sonja (D)
  A deep troll (D)
  2 kobold demonologists (D)
  A slime creature (D)
  Sigmund (D)
  A yak (D)
  An ogre (D)
  A jelly (D)
  Ijyb (D)
  A shadow imp (D)
  A giant eyeball (D)
13 creatures vanquished.

Notes
Turn   | Place    | Note
--------------------------------------------------------------
     0 | D        | lorenzova, the Merfolk Gladiator, began the quest for the Orb.
     0 | D        | Reached XP level 1. HP: 16/16 MP: 1/1
     2 | D        | Noticed Ijyb
    11 | D        | Killed Ijyb
    11 | D        | Reached skill level 6 in Polearms
    11 | D        | Reached XP level 2. HP: 15/26 MP: 2/2
    11 | D        | Reached XP level 3. HP: 17/31 MP: 3/3
   152 | D        | Noticed an ogre
   161 | D        | Killed an ogre
   161 | D        | Reached skill level 8 in Polearms
   161 | D        | Reached XP level 4. HP: 32/40 MP: 4/4
   233 | D        | Noticed Sigmund
   246 | D        | Killed Sigmund
   246 | D        | Reached skill level 10 in Polearms
   246 | D        | Reached skill level 10 in Dodging
   246 | D        | Reached XP level 5. HP: 38/49 MP: 5/5
   246 | D        | Reached XP level 6. HP: 43/56 MP: 6/6
   328 | D        | Found a snail-covered altar of Cheibriados.
   328 | D        | Found a viscous altar of Jiyva.
   328 | D        | Found a shadowy altar of Dithmenos.
   328 | D        | Found a blossoming altar of Fedhas.
   328 | D        | Noticed a slime creature
   346 | D        | Killed a slime creature
   346 | D        | Reached skill level 12 in Polearms
   346 | D        | Reached XP level 7. HP: 44/64 MP: 7/7
   458 | D        | Noticed a kobold demonologist
   459 | D        | Noticed a neqoxec
   465 | D        | Gained mutation: You are clumsy. (Dex -2) [a neqoxec]
   466 | D        | Paralysed by a giant eyeball for 3 turns
   467 | D        | Noticed a sixfirhy
   467 | D        | Lost mutation: You are clumsy. (Dex -2) [a neqoxec]
   468 | D        | Noticed a kobold demonologist
   469 | D        | Gained mutation: You are frail (-10% HP). [a neqoxec]
   501 | D        | Killed a kobold demonologist
   501 | D        | Reached skill level 10 in Fighting
   501 | D        | Reached skill level 13 in Polearms
   510 | D        | Noticed a sun demon
   516 | D        | Killed a kobold demonologist
   516 | D        | Reached skill level 14 in Polearms
   516 | D        | Reached XP level 8. HP: 39/67 MP: 8/8
   657 | D        | Found a deep blue altar of Sif Muna.
   659 | D        | Noticed a jelly
   665 | D        | Noticed a demonic crawler
   665 | D        | Noticed a demonic crawler
   665 | D        | Noticed a demonic crawler
   665 | D        | Noticed a demonic crawler
   673 | D        | Killed a jelly
   679 | D        | Found a radiant altar of Vehumet.
   699 | D        | Found Qoib's Assorted Antiques.
   699 | D        | Found a white marble altar of Elyvilon.
   699 | D        | Found a stormy altar of Qazlal.
   699 | D        | Found a basalt altar of Yredelemnul.
   699 | D        | Found an iron altar of Okawaru.
   699 | D        | Found a sparkling altar of Nemelex Xobeh.
   699 | D        | Found a shimmering altar of Xom.
   699 | D        | Found an ancient bone altar of Kikubaaqudgha.
   699 | D        | Noticed a yak
   707 | D        | Killed a yak
   708 | D        | Found a burning altar of Makhleb.
   708 | D        | Found a sacrificial altar of Ru.
   708 | D        | Found a glowing golden altar of the Shining One.
   708 | D        | Found an opulent altar of Gozag.
   708 | D        | Found a glowing silver altar of Zin.
   709 | D        | Found a bloodstained altar of Trog.
   713 | D        | Bought a dyed leather armour for 60 gold pieces
   713 | D        | Bought a glowing copper amulet for 150 gold pieces
   713 | D        | Bought a glowing emerald ring for 150 gold pieces
   717 | D        | Became a worshipper of Qazlal Stormbringer
   726 | D        | Noticed Sonja
   753 | D        | Killed Sonja
   753 | D        | Reached skill level 15 in Polearms
   753 | D        | Reached XP level 9. HP: 23/74 MP: 9/9
   945 | D        | Noticed a centaur warrior
   953 | D        | Noticed a deep troll
   980 | D        | Killed a deep troll
   980 | D        | Reached skill level 16 in Polearms
   980 | D        | Reached skill level 15 in Dodging
  1045 | D        | Bought a scroll labeled XYRCHU SEUQIOFO for 30 gold pieces
  1076 | D        | Found Hocail's Jewellery Boutique.
  1112 | D        | Noticed a centaur warrior
  1126 | D        | Killed a centaur warrior
  1126 | D        | Acquired Qazlal's first power
  1126 | D        | Reached skill level 17 in Polearms
  1130 | D        | Mangled by a centaur warrior

Action                   |  1- 3 |  4- 6 |  7- 9 || total
-------------------------+-------+-------+-------++-------
Melee: Trident           |    18 |    25 |   102 ||   145
Throw: Throwing net      |     1 |     1 |     2 ||     4
  Use: Potion            |       |       |     4 ||     4
       Scroll            |       |       |     1 ||     1
 Stab: Held in net/web   |       |     2 |     2 ||     4
  Eat: Bread ration      |       |       |     1 ||     1
